Cogmind - Beta 12 @@@ ROGUE MODE // 2023.11.21 @ 08:35:47 Player: Dosh Result: Destroyed by G-34 Mercenary with Small Laser Performance ------------- Evolutions (0) 0 Regions Visited (1) 200 Robots Destroyed (18) 90 Value Destroyed (479) 479 Prototype IDs (3) 60 Alien Tech Used (0) 0 Bonus (0) 0 TOTAL SCORE: 829 Bonus ------- None Cogmind --------- Core Integrity 0/250 Matter 296/300 Energy 159/160 System Corruption 2% Temperature Cool (6) Movement Rolling (100) Location -10/Materials Parts ------- > --- POWER (1) -------- Light Nuclear Core > --- PROPULSION (2) --- Compact Wheel Compact Wheel > --- UTILITY (2) ------ Large Storage Unit > --- WEAPON (2) ------- Light Assault Rifle > --- INVENTORY (15) --- Ion Engine Light Ion Engine Small Storage Unit Signal Interpreter Signal Interpreter Weapon Shielding Grenade Launcher Grenade Launcher Peak State ------------ > --- POWER ------------ Ion Engine > --- PROPULSION ------- Light Treads Light Treads > --- UTILITY ---------- Small Storage Unit Large Storage Unit > --- WEAPON ----------- Assault Rifle Light Assault Rifle > --- INVENTORY -------- Ion Engine Compact Wheel Compact Wheel Light Assault Rifle [Rating: 7] Favorites ----------- Power Ion Engine Engine Ion Engine Power Core Light Nuclear Core Propulsion Light Treads Treads Light Treads Wheel Compact Wheel Utility Large Storage Unit Device Sensor Array Storage Large Storage Unit Weapon Light Assault Rifle Ballistic Gun Light Assault Rifle Build | -11 -10 ------- Run | Jun Mat Slots Evolved . | . . Power . | . . Propulsion . | . . Utility . | . . Weapon . | . . Parts Attached 14 | 6 8 Power 3 | 1 2 Engine 2 | 1 1 Core 1 | . 1 Reactor . | . . Propulsion 4 | 2 2 Treads 2 | 2 . Leg . | . . Wheel 2 | . 2 Hover . | . . Flight . | . . Utility 3 | 1 2 Device 1 | . 1 Storage 2 | 1 1 Processor . | . . Hackware . | . . Protection . | . . Artifact . | . . Weapon 4 | 2 2 Energy Gun . | . . Energy Cannon . | . . Ballistic Gun 4 | 2 2 Ballistic Cannon . | . . Launcher . | . . Special Weapon . | . . Impact Weapon . | . . Slashing Weapon . | . . Piercing Weapon . | . . Special Melee Weapon . | . . Unidentified Prototypes . | . . Parts Lost 8 | . 8 Power 2 | . 2 Propulsion 2 | . 2 Utility 1 | . 1 Weapon 3 | . 3 Highest Loss Streak 5 | . 5 To Critical Strikes . | . . Average Slot Usage (%) 88 | . 88 Engine 11 | . 11 Core 1 | . 1 Treads 20 | . 20 Wheel 3 | . 3 Device 10 | . 10 Storage 14 | . 14 Ballistic Gun 25 | . 25 Naked Turns . | . . Heaviest Build 33 | 13 33 Greatest Support 40 | 40 40 Greatest Overweight (x) 1 | 1 1 Average Overweight (x) . | . . Largest Inventory Capacity 15 | 8 15 Average Capacity 13 | 6 14 Most Carried 8 | 4 8 Average Carried 5 | 1 6 Final Capacity 15 | 8 15 Final Carried 8 | 4 8 Class Distribution -------------------- 100% | Mutant Dominant Class ---------------- Mutant | -10/Materials Resources | -11 -10 ----------- Run | Jun Mat Matter Collected 525 | 185 340 Remotely . | . . Salvage Created 526 | . 526 Parts 39 | . 39 Haulers Intercepted . | . . Recyclers Shooed . | . . Parts Field Recycled . | . . Retrieved Matter . | . . Parts Self-Destructed . | . . Prevented . | . . Kills | -11 -10 ------- Run | Jun Mat Combat Hostiles Destroyed 14 | . 14 Guns 14 | . 14 Classes Destroyed 4 | . 4 Worker 1 | . 1 Watcher 3 | . 3 Swarmer 3 | . 3 Grunt 11 | . 11 Best Kill Streak 4 | . 4 Combat Bots Only 4 | . 4 Max Kills in Single Turn 1 | . 1 Gunslinging . | . . Exploded . | . . Melee . | . . Uniques/NPCs Destroyed . | . . Combat | -11 -10 -------- Run | Jun Mat Damage Taken 1111 | . 1111 Core 250 | . 250 Absorbed by Shields . | . . Core Remaining (%) 100 | 100 . Volleys Fired 73 | . 73 Largest 2 | . 2 Hottest 40 | . 40 Shots Fired 136 | . 136 Gun 136 | . 136 Cannon . | . . Launcher . | . . Special . | . . Kinetic 136 | . 136 Thermal . | . . Explosive . | . . Electromagnetic . | . . Robot Hit Streak 15 | . 15 Robot Miss Streak 3 | . 3 Penetration Max . | . . Secondary Targets 2 | . 2 Max Gunslinging Chain 1 | . 1 Shots Hit Robots 94 | . 94 Core Hits 35 | . 35 Critical Kills 2 | . 2 Critical Parts Destroyed 1 | . 1 Critical Strikes 3 | . 3 Destroy 3 | . 3 Melee Attacks . | . . Impact . | . . Slashing . | . . Piercing . | . . Sneak Attacks . | . . Combat Hostiles . | . . Follow-up Attacks . | . . Damage Inflicted 925 | . 925 Guns 920 | . 920 Cannons . | . . Explosions . | . . Melee . | . . Ramming 5 | . 5 Kinetic 920 | . 920 Thermal . | . . Explosive . | . . Electromagnetic . | . . Impact . | . . Slashing . | . . Piercing . | . . Highest Corruption 2 | . 2 Average Corruption 1 | . 1 Corruption Purged . | . . Corruption Blocked . | . . Effects 3 | . 3 Message Errors 1 | . 1 Energy Discharges 1 | . 1 Data Loss (minor) 1 | . 1 Overload Shots . | . . Overflow Damage . | . . Projectiles . | . . Explosions . | . . Melee . | . . Knockbacks . | . . Impact . | . . Kinetic . | . . Secondary . | . . Self-Inflicted Damage 2 | . 2 Shots . | . . Rammed 1 | . 1 Targets Rammed 1 | . 1 Kicked . | . . Crushed . | . . Highest Temperature 50 | . 50 Average Temperature 15 | . 15 Received Heat Transfer 543 | . 543 Siege Activations . | . . Robots Corrupted . | . . Combat Hostiles . | . . Parts Fried . | . . Impact Corruptions . | . . Robots Melted . | . . Combat Hostiles . | . . Parts Melted . | . . Heat Transferred . | . . Parts Sabotaged . | . . Parts Stolen . | . . Parts Stripped . | . . Power Chain Reactions . | . . Missiles Intercepted . | . . Alert | -11 -10 ------- Run | Jun Mat Peak Influence 250 | . 250 Initial . | . . Average 95 | . 107 Maximum Alert Level 1 | . 1 Low Security (%) 89 | 100 88 Level 1 10 | . 11 Level 2 . | . . Level 3 . | . . Level 4 . | . . Level 5 . | . . High Security . | . . Max Security . | . . Squads Dispatched 4 | . 4 Investigation 2 | . 2 Extermination . | . . Reinforcement 2 | . 2 Assault . | . . Garrison . | . . Intercept . | . . Searches Triggered . | . . Construction Impeded . | . . Haulers Reinforced . | . . Active Scanning Responses . | . . Cargo Convoy Interrupts . | . . Stealth | -11 -10 --------- Run | Jun Mat Distress Signals 1 | . 1 Communications Jammed . | . . Distress Signals . | . . Times Spotted 21 | . 21 Peak Tracking Total 5 | . 5 Tactical Retreats . | . . Traps | -11 -10 ------- Run | Jun Mat Traps Triggered 3 | . 3 Indirectly . | . . Trap Hack Attempts . | . . Triggered . | . . Disarmed . | . . Reprogrammed . | . . Reused . | . . Traps Extracted . | . . Installed . | . . Triggered . | . . Machines | -11 -10 ---------- Run | Jun Mat Machines Disabled . | . . Max in Single Turn . | . . Machines Repaired . | . . Machines Sabotaged . | . . Overloaded Fab Kills . | . . Hacking | -11 -10 --------- Run | Jun Mat Machines Accessed 3 | . 3 Terminals 3 | . 3 Fabricators . | . . Repair Stations . | . . Recycling Units . | . . Scanalyzers . | . . Garrison Access . | . . Total Hacks 7 | . 7 Successful 6 | . 6 Failed 1 | . 1 Catastrophic . | . . Database Lockouts . | . . Manual . | . . Terminals 7 | . 7 Fabricators . | . . Repair Stations . | . . Recycling Units . | . . Scanalyzers . | . . Garrison Access . | . . Terminal Hacks 6 | . 6 Prototype ID Bank 2 | . 2 Locate Traps 1 | . 1 Hauler Manifests 1 | . 1 Registered Components 1 | . 1 Zone Layout 1 | . 1 Fabricator Hacks . | . . Repair Station Hacks . | . . Recycling Unit Hacks . | . . Scanalyzer . | . . Garrison Access Hacks . | . . Unauthorized Hacks . | . . Terminals . | . . Fabricators . | . . Repair Stations . | . . Recycling Units . | . . Scanalyzers . | . . Garrison Access . | . . Data Cores Recovered . | . . Used . | . . Hacking Detections 2 | . 2 Full Trace Events 1 | . 1 Feedback Events . | . . Feedback Blocked . | . . Robot Schematics Acquired . | . . Robots Built . | . . Authchips . | . . Time . | . . Total Robot Build Rating . | . . Part Schematics Acquired . | . . Parts Built . | . . Authchips . | . . Time . | . . Total Part Build Rating . | . . Parts Repaired . | . . Time . | . . Parts Recycled . | . . Recycled Matter . | . . Retrieved Matter . | . . Retrieved Components . | . . Parts Scanalyzed . | . . Part Schematics Acquired . | . . Parts Damaged . | . . Bothacking | -11 -10 ------------ Run | Jun Mat Used RIF Installer . | . . Robots Hacked . | . . Non-combat . | . . Combat . | . . Robot Hacks Applied . | . . Relay Couplers Released . | . . Fabnet Peak Effective % . | . . Robots Rewired . | . . Allies Hacked . | . . Hacks Repelled . | . . Allies | -11 -10 -------- Run | Jun Mat Total Allies . | . . Largest Group . | . . Highest-Rated Group . | . . Highest-Rated Ally . | . . Total Orders . | . . Ally Attacks . | . . Total Damage . | . . Kills . | . . Allies Corrupted . | . . Allies Melted . | . . Intel | -11 -10 ------- Run | Jun Mat Robot Analysis Total . | . . Derelict Logs Recovered . | . . Drone Launches . | . . Drone Recoveries . | . . Exploration | -11 -10 ------------- Run | Jun Mat Turns Passed 902 | 105 797 Spaces Moved 422 | 61 361 Core 6 | 6 . Treads 321 | 55 266 Legs . | . . Wheels 95 | . 95 Hover . | . . Flight . | . . Fastest Speed 50 | 50 100 Average Speed 152 | 151 152 Slowest Speed 240 | 160 240 Overloaded Moves . | . . Propulsion Burnouts . | . . Robots Hopped . | . . Cave-ins Triggered . | . . Exploration Rate (%) 32 | 5 60 Regions Visited 1 Branch Regions . Pre-discovered Areas . | . . Known Exits Taken . | . . Unknown Exits Taken 1 | 1 . Scrap Searched . | . . Spaces Dug . | . . Terrain Destroyed . | . . Melee . | . . Projectile . | . . AOE . | . . Terrain Rammed . | . . Walls Destroyed . | . . Machines Disabled . | . . Actions | -11 -10 --------- Run | Jun Mat Total 562 | 71 491 Wait 40 | 1 39 Move 421 | 60 361 Hop . | . . Pick Up 12 | 4 8 Fast Attach 9 | 6 3 Attach 5 | . 5 Detach 1 | . 1 Swap . | . . Drop . | . . Fire 73 | . 73 Melee . | . . Ram 1 | . 1 Kick . | . . Crush . | . . Escape Stasis . | . . Rewire . | . . Trap . | . . Miscellaneous . | . . Route ------- -11/Junkyard -10/Materials (discovered 3 exits: [*Mat x2] / [*Min]) History --------- Turn | Location | Event 35 | -11/Junkyard | Discovered new exit (range 13) 106 | -11/Junkyard | Entered Materials 310 | -10/Materials | Build established: Mutant 341 | -10/Materials | Discovered new exit (range 15) 494 | -10/Materials | Discovered new exit (range 4) 755 | -10/Materials | Core integrity fell below 50% 775 | -10/Materials | Core integrity fell below 20% 819 | -10/Materials | Lost 5 parts (1p1n1u2w) 819 | -10/Materials | Discovered new exit (range 15) 903 | -10/Materials | Destroyed by G-34 Mercenary with Small Laser Last Messages --------------- 00779_ G-47 Trooper suffers critical hit (Destroy). 00779_ Destroyed Aluminum Leg. 00782_ G-47 Trooper destroyed. 00786_ K-01 Serf collects debris. 00788_ Lgt. Assault Rifle destroyed. 00791_ G-34 Mercenary destroyed. 00793_ K-01 Serf suffers critical hit (Destroy). 00793_ K-01 Serf destroyed. 00798_ Acquired Lgt. Nuclear Core. 00800_ Acquired 36 matter. 00801_ Acquired 37 matter. 00809_ Acquired Ion Engine. 00819_ EXIT=FOUND 00829_ BPH,UYIEVY Y|LM8EPBT M4I4PGEDACU1G 00831_ Acquired Grenade Launcher. 00851_ Slammed into O-16 Technician. 00856_ Acquired Grenade Launcher. 00858_ System corrupted: Energy discharge (-49). 00867_ K-01 Serf collects debris. 00867_ K-01 Serf cleans the Terminal. Map ----- +----------------------------------------------------+ | ?????? """ # """ #????#########+#???# # ## | | ?????? """""# #????# #???# # ! ### | | ?????? """""# ! #????# #???# # #?? | | ?????? """""#######????# #???# # #?? | | ?????? """ #??????????# #???# # #?? | | ?????? #??????????# #???# # #?? | | ?????? #??????????# #???# # #?? | | ?????? #??????????# #???# # #?? | | ?????? ##########?# #???# # #?? | | ??????+####### #######/######### ##+####?? | | ?????? #??? | | ?????? < #??? | | ?????????????? #??? | | ?????????????????????##+### ###+##########+##### | | ??????????????????????????# # ## # | | ??????????????????????????# # ## """ # | | ??????????????????????????# # ## """ # | | ??????????????????????????# #!!! ## """ # | | ??????????????????????????# #!!! ## # | | ??????????????????????????# #!! ## """ # | | ??????????????????????????# # ## """ # | | ?????????????????########## # ## """ # | | ?????????????????# # ^ # ## # | | ?????????????????# """"" # ^ #################### | | ?????????????????# """"" gt #??????????????????? | | ?????????????????# """"" @# ########???????????? | | ?????????????????# # # #?????????? | | ?????????????????# """"" # # """ #?????????? | | ?????????????????# """"" # # """ #?????????? | | ?????????????????# """"" # # """ #?????????? | | ?????????????????# %# # #?????????? | | ?????????????????########## # """ #?????????? | | ??????????????????????????# # """ #?????????? | | ??????????????????????????# + """ #?????????? | | ????????????????########### # #?????????? | | ????????????????# # ##########?????????? | | ????????????????# """ =#%% ###################? | | ????????????????# """""===# =! #? | | ????????????????# """""% %/=== < #? | | ????????????????# """""!%"#[*[ % #? | | ????????????????# """ %T###########+######+##### | | ????????????????# "#??# # # | | ????????????????# #??# # # | | ????????????????###########??# # # | | ?????????????????????????????# """ # # | | ?????????????????????????????# """ # """" # | | ?????????????????????????????# """ # """" # | | ?????????????????????????????# "T" # """" # | | ?????????????????????????????# """ # # | | ?????????????????????????????###########?######### | +----------------------------------------------------+ Best States ------------- Heat Dissipation 25 Energy Generation 14 Energy Capacity 250 Matter Stores 300 Matter Capacity 300 Sight Range 16 Robot Scan Range 14 Terrain Scan Density 10 Evasion (%) 40 Recoil Reduction 2 Item Schematics ----------------- None Robot Schematics ------------------ None Fabricated ------------ Nothing Alien Tech Used ----------------- None Achievements -------------- None Challenges ------------ None Game ------ Seed CoilConstructBattery Manual? 0 Play Time 00:08:28 Cumulative 14.6 hours Start 2023.11.21 @ 08:31:08 End 2023.11.21 @ 08:35:47 Sessions 1 Manual Loads 0 Difficulty Rogue Special Mode None Game No. 32 Rogue 32 Adventurer 0 Explorer 0 Win Type - Total 0 Types 0/0/0/0/0/0/0/0/0 Lore% 17 Gallery% 21 Achievement% 17 Wizard Run 0 Options --------- ASCII 0 Keyboard 1 Movement Numpad Keybinds 0 Fullscreen 2 Font 18/SmallcapsGlow Map View 76x50 Tactical HUD 1 Map Filters NONE Filters NONE Steam 1 RUN: 1a34d4b9-a867-47ab-b50a-4c97e1a5b3f8